 Dungeon Crawl Stone Soup version 0.27-a0-29-g2d0a2396b0 (webtiles) character file.

Game seed: 4585829270755111009

62 sanka the Grave Robber (level 3, 0/19 HPs)
             Began as a Vampire Necromancer on Jan 3, 2021.
             Slain by Sigmund
             ... wielding a +2 scythe of freezing
              (3 damage)
             ... on level 2 of the Dungeon.
             The game lasted 00:02:17 (1770 turns).

sanka the Grave Robber (Vampire Necromancer)        Turns: 1770, Time: 00:02:18

Health: 0/19       AC:  2    Str:  7    XL:     3   Next: 85%
Magic:  15/15      EV: 12    Int: 18    God:
Gold:   91         SH:  0    Dex: 14    Spells: 1/6 levels left

rFire    . . .     SeeInvis +   a - +0 dagger (pain)
rCold    + + .     Faith    .   (no shield)
rNeg     + + +     Spirit   .   h - +0 robe
rPois    ∞         Reflect  .   (no helmet)
rElec    .         Harm     .   (no cloak)
rCorr    .         Rampage  .   (no gloves)
Will     .....                  (no boots)
Stlth    ++++......             d - amulet of regeneration (curse)
HPRegen  0.00/turn              j - ring of magical power
MPRegen  0.14/turn              (no ring)

@: bloodless
A: fangs 3, see invisible, unbreathing
a: Bat Form, Revivify


You were on level 2 of the Dungeon.
You visited 1 branch of the dungeon, and saw 2 of its levels.

You collected 91 gold pieces.


Innate Abilities, Weirdness & Mutations

You do not regenerate when monsters are visible.
You are frail without blood (-20% HP).
You can heal yourself when you bite living creatures.
You are immune to poison.
You have razor-sharp teeth.
You have supernaturally acute eyesight. (SInv)
You can survive without breathing.


   Skills:
 - Level 2.1 Dodging
 - Level 3.0 Stealth
 - Level 2.0 Spellcasting
 + Level 6.1 Necromancy


You had one spell level left.
You knew the following spells:

 Your Spells              Type           Power        Failure   Level
x - Vampiric Draining     Necr           11%          4%          3
z - Pain                  Necr           92%          1%          1
Z - Animate Skeleton      Necr           46%          1%          1

Your spell library contained the following spells:

 Spells                   Type           Power        Failure   Level
 Animate Dead             Necr           11%          14%         4
 Agony                    Necr           23%          38%         5

Inventory:

Hand Weapons
 a - a +0 dagger of pain (weapon)
Armour
 h - a +0 robe (worn)
Jewellery
 d - a cursed amulet of regeneration (around neck)
 j - a ring of magical power (left hand)
Scrolls
 b - a scroll of blinking {unknown}
 c - 2 scrolls of identify {unknown}
 e - 2 scrolls of remove curse {unknown}
 f - a scroll of random uselessness {unknown}
 k - 3 scrolls of teleportation {unknown}
 l - a scroll of immolation {unknown}
Potions
 g - a potion of brilliance {unknown}
 i - a potion of berserk rage {unknown}

Dungeon Overview and Level Annotations

Branches:
Dungeon (2/15)

Altars:

Annotations:
D:2 Sigmund

▒▒▒▒▒......▒▒.▒.......
..............'.......
.....▒+▒▒.▒▒.▒.......
▒........▒▒.▒.......
▒......▒.▒▒.........
▒▒▒▒▒....^.▒.▒▒.........
..?........▒▒▒▒.........
.................(......
....▒▒V▒▒▒.....▒.....▒.
. . ▒S▒ ..............
▒@▒▒......▒.▒▒▒.▒▒
......).........▒.......
(...............▒▒▒▒▒.▒▒
...........▒▒▒▒.▒▒▒▒▒.▒▒
▒▒▒▒▒▒▒+▒▒.▒ ▒.▒▒......
.▒▒▒▒. ▒......
▒....▒▒......


You could see Sigmund (invisible) and an adder.


Message History

There is an open door here.
An adder and Sigmund come into view.
Sigmund is wielding a +2 scythe of freezing and wearing a +2 robe of resistance.
Found a scroll labelled YLAOCH JEUDEA.
A kobold comes into view. It is wielding a +0 dagger.
Sigmund shouts!
Sigmund casts a spell at you. The puff of flame hits you!
The kobold barely misses you.
The adder hisses angrily.
Found 18 stones.
You hit the kobold.
The kobold writhes in agony.
You kill the kobold!
Sigmund casts a spell at himself.
Sigmund flickers and vanishes for a moment.
The adder bites you.
* * * LOW HITPOINT WARNING * * *
You miss the adder. The adder barely misses you.
You barely miss the adder. The adder misses you. Sigmund closely misses you.
You barely miss the adder. The adder bites you.
* * * LOW HITPOINT WARNING * * *
The adder bites you.
* * * LOW HITPOINT WARNING * * *
Sigmund hits you from afar with a +2 scythe of freezing.
You die...

Action                   || total
-------------------------++-------
Melee: Unarmed           ||    20
       Dagger            ||    30
       Bite              ||     1
 Cast: Pain              ||    46
       Animate Skeleton  ||     1
 Abil: Exsanguinate      ||     1
 Stab: Sleeping          ||     8
Armor: Robe              ||     7
Dodge: Dodged            ||    34

Levels and vault maps discovered:
D:1:      erik_arrival_blinker_ship, layout_basic, st_stairs_7
D:2:      layout_basic, uniq_sigmund

Notes
Turn   | Place    | Note
-------+----------+-------------------------------------------
     0 | D:1      | sanka the Vampire Necromancer began the quest for the Orb.
     0 | D:1      | Reached XP level 1. HP: 13/13 MP: 3/3
     4 | D:1      | Learned a level 1 spell: Animate Skeleton
   258 | D:1      | Reached XP level 2. HP: 15/15 MP: 0/5
   372 | D:1      | Reached skill level 5 in Necromancy
   813 | D:1      | Reached XP level 3. HP: 15/19 MP: 1/6
   863 | D:1      | Learned a level 3 spell: Vampiric Draining
  1643 | D:2      | Reached skill level 6 in Necromancy
  1757 | D:2      | Identified a +2 robe of resistance
  1757 | D:2      | Noticed Sigmund
  1770 | D:2      | Slain by Sigmund

Vanquished Creatures
  An adder (D:2)
  An ooze (D:2)
  A worm (D:2)
  3 dart slugs (D:1)
  A leopard gecko (D:1)
  3 giant cockroaches
  3 goblins (D:1)
  7 hobgoblins
  2 ball pythons
  A bat (D:1)
  2 frilled lizards (D:1)
  10 kobolds
  3 rats
38 creatures vanquished.
